 Dungeon Crawl Stone Soup version 0.30.0-18-gc0e69614cb (webtiles) character file.

Game seed: 2883192723759051325

93 testman the Chiller (level 4, -3/30 HPs)
             Began as a Merfolk Ice Elementalist on May 23, 2023.
             Slain by Duvessa
             ... wielding a +1 short sword of electrocution
              (17 damage)
             ... on level 4 of the Dungeon.
             The game lasted 00:09:45 (2394 turns).

testman the Chiller (Merfolk Ice Elementalist)      Turns: 2394, Time: 00:09:46

Health: -3/30      AC:  2    Str:  8    XL:     4   Next: 62%
Magic:  8/8        EV: 12    Int: 16    God:
Gold:   162        SH:  4    Dex: 14    Spells: 2/9 levels left

rFire   . . .        r - +0 spear
rCold   . . .        f - +0 buckler
rNeg    . . .        a - +0 robe
rPois   .            (no helmet)
rElec   .            (no cloak)
rCorr   .            (no gloves)
SInv    .            (no boots)
Will    .....        n - amulet of the acrobat
Stlth   ++           (no ring)
HPRegen 0.25/turn    (no ring)
MPRegen 0.11/turn

%: acrobat
@: no status effects
A: (nimble swimmer 2), mertail
a: no special abilities


You were on level 4 of the Dungeon.
You visited 1 branch of the dungeon, and saw 4 of its levels.

You collected 162 gold pieces.

Inventory:

Hand Weapons
 l - a +0 short sword
 r - a +0 spear (weapon)
 s - a +1 antimagic sling
Missiles
 g - 2 boomerangs
 w - 9 javelins
Armour
 a - a +0 robe (worn)
 f - a +0 buckler (worn)
 i - +0 ice dragon scales
Jewellery
 n - an amulet of the acrobat (around neck)
Scrolls
 c - a scroll of fear {unknown}
 k - a scroll of enchant armour {unknown}
 m - a scroll of poison {unknown}
 q - a scroll of magic mapping {unknown}
 t - a scroll of enchant weapon {unknown}
 u - a scroll of noise {unknown}
Potions
 b - a potion of magic
 d - a potion of brilliance {unknown}
 e - 4 potions of curing {unknown}
 h - 2 potions of mutation {unknown}
 j - a potion of might {unknown}
 o - a potion of haste {unknown}
 p - a potion of flight {unknown}
 v - a potion of berserk rage {unknown}


   Skills:
 - Level 2.6 Dodging
 - Level 2.1 Stealth
 + Level 1.3 Shields
 - Level 3.0 Spellcasting
 + Level 5.5 Ice Magic


You had 2 spell levels left.
You knew the following spells:

 Your Spells              Type           Power      Damage    Failure   Level
a - Freeze                Ice            80%        1d9       3%          1
b - Frozen Ramparts       Ice            40%        1d7       9%          3
c - Ozocubu's Armour      Ice            20%        N/A       9%          3

Your spell library contained the following spells:

 Spells                   Type           Power      Damage    Failure   Level
 Shock                    Conj/Air       8%         1d3       28%         1
 Gell's Gravitas          Tloc           2%         N/A       65%         3
 Swiftness                Air            2%         N/A       65%         3
 Teleport Other           Tloc           2%         N/A       65%         3
 Summon Ice Beast         Ice/Summ       11%        N/A       67%         4
 Airstrike                Air            1%         2d(1-17)  96%         4
 Dispersal                Tloc           1%         N/A       100%        6


Dungeon Overview and Level Annotations

Branches:
Dungeon (4/15)
 Temple: D:4-7

Altars:
Wu Jian

Shops:
D:2 [

Annotations:
D:4 Dowan, Duvessa


Innate Abilities, Weirdness & Mutations

((You are very nimble when in or above water. (Stealth+, EV+, Speed+++)))
Your lower body shifts to a powerful aquatic tail in water.


Message History

There is a stone staircase leading down here.
Casting: Frozen Ramparts (quite dangerous; 10% risk of failure)
Confirm with . or Enter, or press ? or * to list all spells.
The spell is quite dangerous to miscast (10% risk of failure)!
Continue anyway?
Okay, then.
An adder is nearby!
Unknown command.
Casting: Frozen Ramparts (quite dangerous; 10% risk of failure)
Confirm with . or Enter, or press ? or * to list all spells.
The spell is quite dangerous to miscast (10% risk of failure)!
Continue anyway?
Casting: Frozen Ramparts (quite dangerous; 10% risk of failure)
Press: ? - help, Dir - look around, f - activate The walls around you are covered in ice.
The wall freezes the adder but does no damage.
The adder misses you.
You miss the adder.
The wall freezes the adder.
The adder seems to slow down.
The adder bites you but does no damage.
The wall freezes the adder but does no damage.
The adder barely misses you.
Your magical contamination has completely faded away.
You hit the adder.
The adder is almost dead.
The wall freezes the adder.
You kill the adder!
No target in view!
The frozen ramparts melt away as you move.
There is a stone staircase leading down here.
You see here an adder corpse.
You start resting.
HP restored.
You start resting.
Magic restored.
You climb downwards.
Level annotation: Dowan, Duvessa Duvessa hits you with a +1 short sword of electrocution!
There is a stone staircase leading up here.
Duvessa hits you with a +1 short sword of electrocution!
You are electrocuted!
Ouch! That really hurt!
You die...

#..........e[....
##................
##...........S.....
............##.....
..........### ?..
..........†# .
...........#
.......ee.##
.......@.##
....###### ###


You could see Duvessa and Dowan.

Vanquished Creatures
  5 adders
  2 worms
  A dart slug (D:1)
  4 ball pythons
  8 endoplasms
  3 giant cockroaches
  4 goblins
  2 hobgoblins
  4 kobolds
  3 bats
  A frilled lizard (D:2)
  4 rats
41 creatures vanquished.

Notes
Turn   | Place    | Note
-------+----------+-------------------------------------------
     0 | D:1      | testman the Merfolk Ice Elementalist began the quest for
                  | the Orb.
     0 | D:1      | Reached XP level 1. HP: 13/13 MP: 3/3
    91 | D:1      | You fall into a shaft and drop 1 floor!
   120 | D:2      | Reached XP level 2. HP: 18/19 MP: 1/5
   575 | D:1      | Reached XP level 3. HP: 24/24 MP: 3/6
   685 | D:1      | Reached skill level 5 in Ice Magic
   844 | D:2      | Learned a level 3 spell: Frozen Ramparts
   848 | D:2      | Learned a level 3 spell: Ozocubu's Armour
  1223 | D:2      | Found Nelo's Antique Armour Boutique.
  1287 | D:2      | Reached XP level 4. HP: 30/30 MP: 5/8
  1458 | D:3      | Found a faded altar of an unknown god.
  1533 | D:3      | Reached skill level 1 in Shields
  2230 | D:3      | Found an ornate altar of the Wu Jian Council.
  2330 | D:4      | Noticed Duvessa
  2332 | D:4      | Noticed Dowan
  2394 | D:4      | Slain by Duvessa

Illustrated notes

Levels and vault maps discovered:
D:1:      nzn_arrival_water_spiral, layout_rooms
D:2:      layout_loops_cross, serial_shops, shop, serial_park_tiny_pond
D:3:      layout_basic, lemuel_tele_altar, nicolae_ecumenical_oubliette,
          serial_glass, glass_columns_a, glass_columns_a
D:4:      layout_cave_pods, temple_hall_moat, uniq_duvessa

Skill      XL: |  1  2  3  4 |
---------------+-------------+-----
Ice Magic      | 5 |  5.5
Spellcasting   | 3 |  3.0
Shields        | 1 |  1.3
Dodging        | |  2.6
Stealth        | |  2.1

Action                     |  1- 3 |  4- 6 || total
---------------------------+-------+-------++-------
  Melee: Unarmed           |     9 |       ||     9
         Mace              |     6 |       ||     6
         Short sword       |     8 |     9 ||    17
         Spear             |       |    23 ||    23
   Cast: Freeze            |    36 |     5 ||    41
         Frozen Ramparts   |     2 |     2 ||     4
         Ozocubu's Armour  |     1 |     1 ||     2
   Stab: Sleeping          |     1 |     4 ||     5
 Armour: Robe              |    11 |     4 ||    15
  Dodge: Dodged            |    31 |    21 ||    52
  Block: Buckler           |     2 |     4 ||     6
